[Event "LEM Niedersachsen-Meister 2025"]
[Site "Verden"]
[Date "2025.01.05"]
[Round "7.14"]
[White "Schiller, Jan-Hendrik"]
[Black "Celik, Abdullah"]
[Result "1/2-1/2"]
[ECO "E62"]
[WhiteElo "1952"]
[BlackElo "2032"]
[Annotator "RC"]
[PlyCount "98"]
[EventDate "2024.12.27"]
[EventType "swiss"]
[EventCountry "GER"]
[SourceTitle "playchess.com"]
[Source "ChessBase"]
[SourceQuality "1"]
[TimeControl "40/5400+30:1800+30"]

1. d4 Nf6 2. Nf3 g6 3. c4 Bg7 4. g3 O-O 5. Bg2 d6 6. O-O c6 7. Nc3 Bf5 8. Nh4 Be6 9. Qd3 d5 10. b3 Qa5 11. cxd5 cxd5 12. Bb2 Nc6 13. e3 Rfc8 14. Rfc1 Qd8 15. Qd2 Qd7 16. Nf3 Bf5 17. Ne5 Qe6 18. Nd3 Qd6 19. Nf4 e6 20. Nd3 g5 21. Ne5 g4 22. Nxc6 Rxc6 23. Bf1 a6 24. Bd3 Bxd3 25. Qxd3 Rac8 26. Ne2 Ne4 27. Rxc6 Rxc6 28. Kg2 Qc7 29. Rc1 Rxc1 30. Bxc1 Bf8 31. Bd2 Ba3 32. Be1 b5 33. Nc3 Ng5 34. Ne2 Nf3 35. Bd2 b4 36. h4 a5 37. Ng1 Nxg1 38. Kxg1 Bc1 39. Be1 Bb2 40. Qe2 Qc1 41. Qxg4+ Kf8 42. Qe2 Bc3 43. Kf1 Qb1 44. f3 Kg7 45. g4 Bxe1 46. Qxe1 Qxa2 47. Qg3 Qb1+ 48. Kg2 Qc2+ 49. Kh3 Qc8 1/2-1/2

[Event "LEM Niedersachsen-Meister 2025"]
[Site "Verden"]
[Date "2025.01.05"]
[Round "7.15"]
[White "Wilmink, Anna"]
[Black "de Vries, Carsten"]
[Result "1-0"]
[ECO "B22"]
[WhiteElo "2033"]
[BlackElo "1898"]
[Annotator "NA RC"]
[PlyCount "47"]
[EventDate "2024.12.27"]
[EventType "swiss"]
[EventCountry "GER"]
[SourceTitle "playchess.com"]
[Source "ChessBase"]
[SourceQuality "1"]
[TimeControl "40/5400+30:1800+30"]

1. e4 c5 2. d3 Nc6 3. f4 d6 4. c3 Nf6 5. Nf3 g6 6. Be2 Bg7 7. O-O O-O 8. Na3 {[%emt 0:01:54] B22: Sicilian: 2 c3.} Rb8 9. Nc2 Qc7 10. Qe1 Bg4 11. Ne3 Bxf3 12. Rxf3 b5 13. Rh3 h5 14. f5 Ne5 15. Bd2 e6 16. fxg6 fxg6 17. Qh4 Kf7 18. Rf1 Ke8 19. d4 cxd4 20. cxd4 Nc4 21. Nxc4 bxc4 22. Bc3 $18 Kd7 23. Rhf3 Ng8 24. Rf7+ 1-0